 Dungeon Crawl Stone Soup version 0.20-a0-1025-g4706f7e (webtiles) character file.

56 dvd the Chiller (level 3, -1/24 HPs)
             Began as a Demonspawn Ice Elementalist on Apr 19, 2017.
             Slain by a hound (5 damage)
             ... on level 3 of the Dungeon.
             The game lasted 00:05:34 (2616 turns).

dvd the Chiller (Demonspawn Ice Elementalist)       Turns: 2616, Time: 00:05:35

Health: -1/24      AC:  2    Str:  8    XL:     3   Next: 69%
Magic:  2/6        EV: 12    Int: 17    God:
Gold:   147        SH:  0    Dex: 13    Spells: 1/7 levels left

rFire    + . .     SeeInvis .   g - -1 whip (curse)
rCold    . . .     Gourm    .   (no shield)
rNeg     . . .     Faith    .   a - +0 robe
rPois    .         Spirit   .   (helmet restricted)
rElec    .         Reflect  .   (no cloak)
rCorr    .         Harm     .   (no gloves)
MR       .....                  (no boots)
Stlth    ++........             (no amulet)
Regen    0.1/turn               k - ring of protection from fire
MPRegen  0.1/turn               (no ring)

@: no status effects
A: horns 1, powered by pain 1
a: no special abilities


You were on level 3 of the Dungeon.
You were not hungry.

You visited 1 branch of the dungeon, and saw 3 of its levels.

You collected 147 gold pieces.

Inventory:

Hand Weapons
 f - a +0 short sword
 g - a cursed -1 whip (weapon)
Missiles
 e - 6 tomahawks (quivered)
Armour
 a - a +0 robe (worn)
Jewellery
 k - a ring of protection from fire (left hand)
Scrolls
 d - a scroll of immolation {unknown}
 i - 3 scrolls of remove curse {unknown}
 n - a scroll of identify {unknown}
 p - a scroll of magic mapping {unknown}
 q - 2 scrolls of teleportation {unknown}
Potions
 l - a potion of curing {unknown}
 m - a potion of brilliance {unknown}
 o - 3 potions of invisibility {unknown}
Books
 b - a book of Frost

   Spells                             Type                      Level
   a - Freeze                         Ice                          1
   b - Throw Frost                    Conjuration/Ice              2
   c - Ozocubu's Armour               Charms/Ice                   3
   d - Throw Icicle                   Conjuration/Ice              4
   e - Summon Ice Beast               Ice/Summoning                4
Comestibles
 c - 4 bread rations
 h - a royal jelly
 j - 2 meat rations


   Skills:
 + Level 0.1 Short Blades
 + Level 2.1 Dodging
 + Level 2.1 Stealth
 + Level 2.5 Spellcasting
 + Level 1.0 Conjurations
 + Level 3.4 Ice Magic


You had one spell level left.
You knew the following spells:

 Your Spells              Type           Power        Failure   Level  Hunger
a - Freeze                Ice            ##..         4%          1    #......
b - Throw Frost           Conj/Ice       #.....       11%         2    ##.....
c - Ozocubu's Armour      Chrm/Ice       #.......     26%         3    ###....


Dungeon Overview and Level Annotations

Branches:
Dungeon (3/15)

Altars:
Nemelex Xobeh
Qazlal


Innate Abilities, Weirdness & Mutations

You have a pair of small horns on your head.
You sometimes gain a little power by taking damage.


Message History

Unknown command.
The hound bites you but does no damage. The hound closely misses you.
The teleport trap disappears.
The hound disappears!
The hound bites you. The hound bites you. The hound closely misses you.
The hound stops to sniff the ground.
The hound bites you but does no damage. The hound barely misses you.
The hound closely misses you. The hound closely misses you.
The hound bites you.
* * * LOW HITPOINT WARNING * * *
Your magical contamination has completely faded away.
You see here 17 arrows.
The hound bites you.
* * * LOW HITPOINT WARNING * * *
The hound bites you.
You die...

#.# #.#.#.#.#.#.#...#
#####.## ##.........)...###.
.......####.#.#.#.#.#.#.#....
###............[..g...[).###
#....#####.#.#.#.#.#.#.#
#..#.# ##.....(.....## #..#.#
#.#.#.#.#.#.# #..#.##
#...h......##
#.....#####..#@#.#.#.#
#..........[........##
###..#..#####..†.######
...÷....# ##.....###########
.....##.# #......<..........
###.###.# ##.....###########
#.# #.# ##...## #.# #.# ##.##
..# #.#######.#


You could see a hound and a gnoll.

Vanquished Creatures
  A worm (D:2)
  3 leopard geckos (D:1)
  9 bats
  5 giant cockroaches
  2 goblins (D:1)
  4 hobgoblins
  A ball python (D:1)
  15 kobolds
  6 rats
  2 plants (D:1)
48 creatures vanquished.

Notes
Turn   | Place    | Note
-------+----------+-------------------------------------------
     0 | D:1      | dvd the Demonspawn Ice Elementalist began the quest for the Orb.
     0 | D:1      | Reached XP level 1. HP: 13/13 MP: 3/3
   280 | D:1      | Gained mutation: You have a pair of small horns on your head. [demonic ancestry]
   280 | D:1      | Reached XP level 2. HP: 13/19 MP: 1/5
   284 | D:1      | Learned a level 2 spell: Throw Frost
   387 | D:1      | Reached skill level 3 in Ice Magic
   858 | D:1      | Gained mutation: You sometimes gain a little power by taking damage. [demonic ancestry]
   858 | D:1      | Reached XP level 3. HP: 21/24 MP: 0/6
   863 | D:1      | Learned a level 3 spell: Ozocubu's Armour
  1714 | D:2      | Found a stormy altar of Qazlal.
  2040 | D:2      | Found a sparkling altar of Nemelex Xobeh.
  2616 | D:3      | Slain by a hound

Vault maps used:
D:1:      lemuel_arrival_lava_pool, lexackson_kobold_supper
D:2:      lemuel_doored_altar, lemuel_coloured_pillars_altar
D:3:      lemuel_round_altar, serial_glass, glass_columns_a, glass_columns_b,
          hex_medium, cheibrodos_gnoll_hut

Skill      XL: |  1  2 |
---------------+-------+-----
Stealth        | 2 |  2.1
Ice Magic      | 3 |  3.4
Dodging        | 2 |  2.1
Short Blades   | |  0.1
Spellcasting   | |  2.5
Conjurations   | |  1.0

Action                   || total
-------------------------++-------
Melee: Short sword       ||    43
       Whip              ||   208
       Headbutt          ||    41
 Cast: Freeze            ||    47
       Throw Frost       ||     8
 Stab: Sleeping          ||     5
  Eat: Chunk             ||     7
Armor: Robe              ||    24
Dodge: Dodged            ||    73
